 Dungeon Crawl Stone Soup version 0.31-a0-236-g9a0961fb85 (webtiles) character file.

Game seed: 16359100221273658428

164 qw the Shooter (level 5, -2/45 HPs)
             Began as a Minotaur Hexslinger on July 10, 2023.
             Was an Initiate of Okawaru.
             Slain by an orc
             ... wielding a +0 long sword
              (5 damage)
             ... on level 4 of the Dungeon.
             The game lasted 00:01:05 (2613 turns).

qw the Shooter (Minotaur Hexslinger)                Turns: 2613, Time: 00:01:06

Health: -2/45      AC:  5    Str: 12    XL:     5   Next: 21%
Magic:  5/5        EV: 11    Int: 10    God:    Okawaru [......]
Gold:   191        SH:  0    Dex: 15    Spells: 5/6 levels left

rFire   . . .        Y - +1 sling
rCold   . . .        (no shield)
rNeg    . . .        j - +0 ring mail
rPois   .            (helmet restricted)
rElec   .            (no cloak)
rCorr   .            (no gloves)
SInv    .            (no boots)
Will    .....        (no amulet)
Stlth   +            (no ring)
HPRegen 0.27/turn    (no ring)
MPRegen 0.09/turn

%: no passive effects
@: no status effects
A: horns 2, retaliatory headbutt
a: Renounce Religion


You were on level 4 of the Dungeon.
You worshipped Okawaru.
Okawaru was noncommittal.
You visited 2 branches of the dungeon, and saw 5 of its levels.

You collected 191 gold pieces.


Innate Abilities, Weirdness & Mutations

You have a pair of horns on your head.
You reflexively headbutt those who attack you in melee.


   Skills:
 - Level 3.0 Fighting
 + Level 5.2 Ranged Weapons
 - Level 1.1 Armour
 - Level 2.1 Dodging
 - Level 1.0 Spellcasting
 - Level 2.0 Hexes


You had 5 spell levels left.
You knew the following spells:

 Your Spells              Type           Power      Damage    Failure   Level
a - Slow                  Hex            16%        N/A       34%         1

Your spell library contained the following spells:

 Spells                   Type           Power      Damage    Failure   Level
 Inner Flame              Hex/Fire       2%         N/A       83%         3
 Portal Projectile        Hex/Tloc       4%         N/A       83%         3
 Cause Fear               Hex            2%         N/A       98%         4

Inventory:

Hand Weapons
 Y - a +1 sling (weapon)
Armour
 j - a +0 ring mail (worn)
Scrolls
 a - a scroll of identify
Potions
 b - a potion of enlightenment
 c - a potion of mutation {unknown}
 f - a potion of lignification {unknown}
 g - a potion of resistance {unknown}
 h - a potion of cancellation {unknown}
 i - a potion of curing {unknown}

Dungeon Overview and Level Annotations

Branches:
Dungeon (4/15)             Temple (1/1) D:4

Altars:
Ashenzari
Cheibriados
Dithmenos
Fedhas
Gozag
Kikubaaqudgha
Nemelex Xobeh
Okawaru
Qazlal
Sif Muna
Uskayaw
Xom
Yredelemnul
Zin
The Shining One


Message History

You hear a shout!
The orc closely misses you.
You shoot a sling bullet. The sling bullet hits the orc.
The orc is moderately wounded.
The orc completely misses you.
You shoot a sling bullet. The sling bullet barely misses the orc.
The orc barely misses you. The orc hits you but does no damage.
You shoot a sling bullet. The sling bullet hits the orc!
You kill the orc!
Okawaru accepts your kill. The ogre closely misses you.
You shoot a sling bullet. The sling bullet hits the ogre.
The ogre is lightly wounded.
The ogre barely misses you. You furiously retaliate!
You headbutt the ogre. The orc hits you with a +0 hand axe.
You shoot a sling bullet. The sling bullet hits the ogre.
The ogre is moderately wounded.
The orc hits you with a +0 hand axe. The ogre barely misses you.
You shoot a sling bullet. The sling bullet hits the ogre.
The ogre is heavily wounded.
The orc hits you but does no damage. The ogre misses you.
The orc hits you with a +0 hand axe.
You shoot a sling bullet. The sling bullet hits the ogre.
The ogre is heavily wounded.
The orc hits you with a +0 hand axe.
You shoot a sling bullet.
The sling bullet barely misses the ogre.
The ogre closely misses you. The orc barely misses you.
You furiously retaliate!
You headbutt the orc. You shoot a sling bullet. The sling bullet hits the orc.
You kill the orc!
Okawaru accepts your kill. The ogre completely misses you.
You shoot a sling bullet.
The sling bullet barely misses the ogre.
The orc barely misses you. You furiously retaliate!
You headbutt the orc.
The ogre hits you with a +0 giant club!!
Ouch! That really hurt!
The orc hits you with a +0 long sword.
You die...

....#... #.....>. ## ........ ##.
..# ### . ...... .#.# ..# ..#.##
.).o. ..... ... #.#.##..# #..#
....# #.# #Oo.....####Og# ..#.#
#.# #@#.##........# ..#.# #.#
#.#..#####.##...# ..+.###.######
#.#........####.#
..#..........###.#..#^..#....<...
..#.###..##..........#.#..#######
......#..##..###.##...>...#
<.#####..##..###.##..#.#..####
#.# ##.....%....##.#...#..... ..#
#........................


You could see an ogre and an orc.

Vanquished Creatures
  A sleepcap (D:4)
  5 adders
  3 worms
  2 dart slugs
  3 orcs (D:4)
  5 ball pythons
  8 endoplasms
  3 giant cockroaches
  6 goblins
  8 hobgoblins
  7 kobolds
  A quokka (D:1)
  10 bats
  3 frilled lizards
  7 rats
72 creatures vanquished.

Notes
Turn   | Place    | Note
-------+----------+-------------------------------------------
     0 | D:1      | qw the Minotaur Hexslinger began the quest for the Orb.
     0 | D:1      | Reached XP level 1. HP: 16/16 MP: 1/1
     0 | D:1      | 0 ||| qw: Version: 0.3-a-51-g015441d
     0 | D:1      | 0 ||| qw: Game counter: 4507
     0 | D:1      | 0 ||| qw: Melee chars always use a shield: true
     0 | D:1      | 0 ||| qw: God list: Okawaru
     0 | D:1      | 0 ||| qw: Allow faded altars: false
     0 | D:1      | 0 ||| qw: Do Orc after clearing Dungeon:15 true
     0 | D:1      | 0 ||| qw: Do second Lair branch before Depths: true
     0 | D:1      | 0 ||| qw: Lair rune preference: random
     0 | D:1      | 0 ||| qw: Goals: Normal
     0 | D:1      | 0 ||| PLANNING D:1-11
   110 | D:1      | HP: 3/16 [goblin/+0 dagger (4)]
   113 | D:1      | HP: 1/16 [goblin/+0 dagger (3)]
   207 | D:1      | Reached skill level 3 in Ranged Weapons
   207 | D:1      | Reached XP level 2. HP: 23/23 MP: 2/2
   522 | D:1      | Reached XP level 3. HP: 29/29 MP: 3/3
   846 | D:1      | 846 ||| UPGRADING to +0 ring mail.
   854 | D:1      | 854 ||| UPGRADING to +0 robe.
   859 | D:1      | 859 ||| UPGRADING to +0 ring mail.
   869 | D:1      | 869 ||| DROPPING +0 robe.
   870 | D:1      | 870 ||| READING scroll labelled ARU QOKECAKLY.
   871 | D:1      | 871 ||| READING scroll labelled RYKIHU TOUFARO.
   872 | D:1      | 872 ||| READING scroll labelled VAMPIZ ANIPOO.
   876 | D:1      | 876 ||| READING scroll labelled YXAQ XAALO.
   877 | D:1      | 877 ||| DRINKING 2 grey potions.
   878 | D:1      | 878 ||| DRINKING 2 yellow potions.
   887 | D:1      | 887 ||| DROPPING scroll of poison.
   888 | D:1      | 888 ||| DROPPING potion of ambrosia.
   921 | D:2      | Reached skill level 4 in Ranged Weapons
   938 | D:2      | Reached skill level 1 in Armour
  1042 | D:2      | Reached XP level 4. HP: 36/36 MP: 4/4
  1499 | D:2      | 1499 ||| READING scroll labelled SYTHUJ MOXYQ.
  1500 | D:2      | 1500 ||| READING 2 scrolls of identify.
  1500 | D:2      | 1500 ||| IDENTIFYING cyan potion
  1551 | D:3      | 1551 ||| FLEEEEING.
  1754 | D:3      | Reached skill level 5 in Ranged Weapons
  2259 | D:4      | Reached skill level 3 in Fighting
  2259 | D:4      | Reached XP level 5. HP: 27/45 MP: 5/5
  2348 | D:4      | Found a staircase to the Ecumenical Temple.
  2349 | D:4      | 2349 ||| PLANNING TEMPLE
  2359 | Temple   | Entered the Ecumenical Temple
  2371 | Temple   | 2371 ||| PLANNING OKAWARU WORSHIP
  2412 | Temple   | Became a worshipper of Warmaster Okawaru
  2413 | Temple   | 2413 ||| PLANNING D:1-11
  2441 | D:4      | Noticed an ogre
  2444 | D:4      | HP: 1/45 [ogre/+0 giant club (24)]
  2445 | D:4      | 2445 ||| READING scroll of teleportation.
  2446 | D:4      | 2446 ||| DRINKING potion of heal wounds.
  2613 | D:4      | HP: 3/45 [ogre/+0 giant club (24)]
  2613 | D:4      | Slain by an orc

Levels and vault maps discovered:
D:1:      dpeg_chamrin_arrival_tetris, layout_loops_ring, serial_bayou_pond_b,
          minmay_pentomino_z4
D:2:      layout_basic
D:3:      layout_loops_ring
D:4:      minmay_clustersquares, layout_basic, minmay_temple_entry_crystal_x,
          serial_shops, shop, gammafunk_ghost_nasty_kobolds
Temple:   hellmonk_temple_of_storms

Skill      XL: |  1  2  3  4 |
---------------+-------------+-----
Ranged Weapons | 3 4 5 |  5.2
Fighting       | 2 3 |  3.0
Armour         | 1 |  1.1
Dodging        | |  2.1
Spellcasting   | |  1.0
Hexes          | |  2.0

Action                     |  1- 3 |  4- 6 || total
---------------------------+-------+-------++-------
   Fire: Sling             |   122 |   116 ||   238
    Use: Scroll            |     4 |     3 ||     7
         Potion            |     2 |     1 ||     3
 Armour: Robe              |     6 |       ||     6
         Ring mail         |     2 |    18 ||    20
  Dodge: Dodged            |    31 |    40 ||    71

Table legend:
 A = Non-vault XP
 B = Vault XP
 C = Vault XP percentage of total XP
 D = Non-vault monster count
 E = Vault monster count
 F = Vault count percentage of total count
                 A         B        C        D         E       F
            +---------+---------+-------+---------+---------+-------
      Total |     220 |      15 |   6.4 |      64 |       8 |  11.1
            +---------+---------+-------+---------+---------+-------
        D:1 |      44 |      15 |  25.4 |      26 |       8 |  23.5
        D:2 |      58 |       0 |   0.0 |      16 |       0 |   0.0
        D:3 |      51 |       0 |   0.0 |      13 |       0 |   0.0
        D:4 |      67 |       0 |   0.0 |       9 |       0 |   0.0
            +---------+---------+-------+---------+---------+-------
